 Dungeon Crawl Stone Soup version 0.23.0 (webtiles) character file.

Game seed: 12612678272772680925

1951 dvd the Sneak (level 9, -2/56 HPs)
             Began as an Octopode Conjurer on Feb 8, 2019.
             Was a Believer of Makhleb.
             Slain by a hippogriff (3 damage)
             ... on level 7 of the Dungeon.
             The game lasted 00:19:35 (7449 turns).

dvd the Sneak (Octopode Conjurer)                   Turns: 7449, Time: 00:19:36

Health: -2/56      AC:  8    Str: 11    XL:     9   Next: 18%
Magic:  15/15      EV: 15    Int: 17    God:    Makhleb [**....]
Gold:   247        SH:  0    Dex: 14    Spells: 5/16 levels left

rFire    + . .     SeeInvis .   E - +1 trident (protect)
rCold    . . .     Gourm    .   (no shield)
rNeg     . . .     Faith    .   (helmet restricted)
rPois    .         Spirit   .   h - amulet of the acrobat
rElec    .         Reflect  .   d - +2 ring of dexterity
rCorr    .         Harm     .   m - ring of flight
MR       .....                  B - ring of wizardry
Stlth    +++++.....             C - ring of protection from fire
HPRegen  0.18/turn              (no ring)
MPRegen  0.14/turn              (no ring)
                                (no ring)
                                (no ring)

@: protection aura
A: almost no armour, stealthy swim, amphibious, 8 rings, constrict 8, camouflage
1, gelatinous body 1
a: Minor Destruction, Renounce Religion, Evoke Flight


You were on level 7 of the Dungeon.
You worshipped Makhleb.
Makhleb was pleased with you.
You were very hungry.

You visited 1 branch of the dungeon, and saw 7 of its levels.

You collected 247 gold pieces.

Inventory:

Hand Weapons
 v - a +0 war axe
 y - a +1 rapier of venom
 E - a +1 trident of protection (weapon)
Jewellery
 d - a +2 ring of dexterity (left tentacle)
 h - an amulet of the acrobat (around mantle)
 m - a ring of flight (right tentacle)
 B - a ring of wizardry (on tentacle)
 C - a ring of protection from fire (on tentacle)
Wands
 A - a wand of disintegration (20)
 F - a wand of iceblast (12)
Scrolls
 c - 3 scrolls of blinking
 e - 3 scrolls of remove curse
 f - 2 scrolls of amnesia
 k - 8 scrolls of identify
 p - 2 scrolls of immolation {unknown}
 s - a scroll of noise {unknown}
 u - 3 scrolls of random uselessness {unknown}
Potions
 a - a potion of might {unknown}
 j - 3 potions of curing {unknown}
 n - 5 potions of agility
 o - a potion of invisibility {unknown}
 r - 2 potions of lignification {unknown}
 t - a potion of flight {unknown}
 w - a potion of heal wounds {unknown}
 x - a potion of resistance {unknown}
 z - 2 potions of magic {unknown}
 D - a potion of berserk rage {unknown}
Comestibles
 b - 14 rations


   Skills:
 + Level 3.0 Fighting
 + Level 3.6 Short Blades
 + Level 2.4(2.7) Axes
 + Level 1.7(2.3) Polearms
 + Level 4.1 Dodging
 + Level 7.7 Stealth
 + Level 2.3 Unarmed Combat
 + Level 4.3 Spellcasting
 + Level 6.0 Conjurations
 + Level 2.6 Hexes
 + Level 1.5 Ice Magic


You had 5 spell levels left.
You knew the following spells:

 Your Spells              Type           Power        Failure   Level  Hunger
a - Magic Dart            Conj           ###.         1%          1    None
b - Searing Ray           Conj           ###...       1%          2    ##.....
c - Dazzling Spray        Conj/Hex       ###...       3%          3    ###....
d - Ensorcelled Hibernat  Hex/Ice        ##....       4%          2    ##.....
e - Confuse               Hex            ##......     6%          3    ###....

Your spell library contained the following spells:

 Spells                   Type           Power        Failure   Level  Hunger
 Corona                   Hex            ##.....      2%          1    None
 Iskenderun's Mystic Bla  Conj           ###.....     4%          4    ####...
 Tukima's Dance           Hex            ##......     6%          3    ###....
 Fulminant Prism          Conj/Hex       ###.......   11%         4    ####...
 Force Lance              Conj/Tloc      ##......     17%         4    ####...


Dungeon Overview and Level Annotations

Branches:
Dungeon (7/15)             Temple (0/1) D:4

Altars:
Cheibriados
Hepliaklqana
Makhleb
Okawaru
Ru
Trog
Uskayaw
Xom
Yredelemnul
Zin
The Shining One


Innate Abilities, Weirdness & Mutations

You cannot wear most types of armour.
You are very stealthy in the water. (Stealth+)
You are amphibious.
You can wear up to eight rings at the same time.
You can use your tentacles to constrict eight enemies at once.
Your skin changes colour to match your surroundings (Stealth+).
Your rubbery body absorbs attacks. (AC +1, EV +1)


Message History

* * * LOW HITPOINT WARNING * * *
The hippogriff pecks you.
* * * LOW HITPOINT WARNING * * *
The hippogriff closely misses you.
You hit the hippogriff.
The hippogriff is almost dead.
The hippogriff misses you. The hippogriff completely misses you.
The hippogriff claws you.
* * * LOW HITPOINT WARNING * * *
The hippogriff bites you but does no damage.
The hippogriff pecks you but does no damage.
The hippogriff misses you.
You barely miss the hippogriff.
The hippogriff is almost dead.
The hippogriff bites you.
* * * LOW HITPOINT WARNING * * *
The hippogriff pecks you.
* * * LOW HITPOINT WARNING * * *
The hippogriff claws you.
You die...

.....†....##.# *,**
###....#####.# *,* * ###..### #.#
*,* * #.....# #.# **,** * #.....#
#.# **,,,* * #.....# #.# *,,,,*
#o....# #.# *,,,,* #.....#
#.####### *,**** #<.####
#....@HO# *,* #..# #######.###
*,* #.># #.......# *,* #..#
#.###.#.#####**,* #..# *,*
#O...>...,,,* ***#..#
*,**#.###.###**,**** ,,,...#*
*#........#.#***,**,,
***#.#.*****#.............,,,,*,,
*,***,,,,....##.##......,,,**,,


You could see a hippogriff and an ogre.

Vanquished Creatures
  Joseph (D:7)
  Sigmund (D:3)
  2 orc warriors
  2 sky beasts
  A phantom (D:4)
  A centaur (D:5)
  4 bullfrogs
  A howler monkey (D:3)
  3 crimson imps
  A hound (D:7)
  3 orc priests
  3 orc wizards
  Terence (D:3)
  2 iguanas
  3 worker ants (D:4)
  A worker ant zombie (D:5)
  6 adders
  2 shadow imps (D:5)
  2 oozes
  2 worms
  4 dart slugs
  7 leopard geckos
  17 orcs
  3 giant cockroaches
  7 hobgoblins
  12 jackals
  3 quokkas
  2 ball pythons (D:2)
  12 bats
  7 frilled lizards
  6 goblins
  A jackal skeleton (D:6)
  9 kobolds
  A quokka skeleton (D:5)
  10 rats
143 creatures vanquished.

Notes
Turn   | Place    | Note
-------+----------+-------------------------------------------
     0 | D:1      | dvd the Octopode Conjurer began the quest for the Orb.
     0 | D:1      | Reached XP level 1. HP: 11/11 MP: 3/3
   296 | D:1      | Reached XP level 2. HP: 17/17 MP: 0/5
   328 | D:1      | Learned a level 2 spell: Searing Ray
   971 | D:2      | Reached XP level 3. HP: 21/21 MP: 4/6
   986 | D:2      | Learned a level 3 spell: Dazzling Spray
  1028 | D:2      | Reached skill level 3 in Stealth
  1048 | D:2      | Found a burning altar of Makhleb.
  1053 | D:2      | Found a glowing silver altar of Zin.
  1054 | D:2      | Noticed an angel
  1054 | D:2      | Noticed a green death
  1061 | D:2      | Became a worshipper of Makhleb the Destroyer
  1615 | D:2      | Noticed a bullfrog
  1633 | D:2      | Killed a bullfrog
  1633 | D:2      | Reached skill level 5 in Conjurations
  1633 | D:2      | Reached XP level 4. HP: 9/27 MP: 2/7
  1819 | D:2      | Reached XP level 5. HP: 30/32 MP: 4/8
  2329 | D:3      | Found a shimmering altar of Xom.
  2365 | D:3      | Reached skill level 4 in Stealth
  2386 | D:3      | Noticed Terence
  2405 | D:3      | Killed Terence
  2405 | D:3      | Reached skill level 1 in Unarmed Combat
  2503 | D:3      | Reached * piety under Makhleb
  2519 | D:3      | Noticed Sigmund
  2532 | D:3      | Killed Sigmund
  2532 | D:3      | Reached skill level 1 in Fighting
  2532 | D:3      | Reached XP level 6. HP: 20/38 MP: 1/10
  3264 | D:3      | Learned a level 2 spell: Ensorcelled Hibernation
  3476 | D:4      | Reached skill level 1 in Axes
  3476 | D:4      | Reached XP level 7. HP: 35/43 MP: 11/11
  3599 | D:4      | Found a staircase to the Ecumenical Temple.
  3605 | D:4      | Reached skill level 5 in Stealth
  3806 | D:4      | Found an iron altar of Okawaru.
  3810 | D:4      | Reached ** piety under Makhleb
  4076 | D:5      | Entered Level 5 of the Dungeon
  4157 | D:5      | Found a hazy altar of Hepliaklqana.
  4157 | D:5      | Found a snail-covered altar of Cheibriados.
  4157 | D:5      | Found a hide-covered altar of Uskayaw.
  4157 | D:5      | Found a glowing golden altar of the Shining One.
  4165 | D:5      | Found a bloodstained altar of Trog.
  4165 | D:5      | Found a basalt altar of Yredelemnul.
  4349 | D:5      | Reached skill level 1 in Short Blades
  4349 | D:5      | Reached skill level 6 in Stealth
  4373 | D:5      | Reached XP level 8. HP: 11/48 MP: 8/13
  4758 | D:5      | Reached skill level 1 in Hexes
  4770 | D:5      | Reached skill level 7 in Stealth
  4814 | D:5      | Found a sacrificial altar of Ru.
  4832 | D:5      | Learned a level 3 spell: Confuse
  5783 | D:6      | Reached skill level 1 in Ice Magic
  6950 | D:7      | Reached skill level 1 in Polearms
  6950 | D:7      | Reached XP level 9. HP: 40/55 MP: 9/15
  6982 | D:7      | Noticed Joseph
  7348 | D:7      | Killed Joseph
  7449 | D:7      | HP: 1/56 [hippogriff (4)]
  7449 | D:7      | Slain by a hippogriff

Skill      XL: |  1  2  3  4  5  6  7  8  9 |
---------------+----------------------------+-----
Stealth        | 3 4 6 7 |  7.7
Conjurations   | 5 6 |  6.0
Unarmed Combat | 2 |  2.3
Fighting       | 1 2 3 |  3.0
Spellcasting   | 3 4 |  4.3
Axes           | 1 2 |  2.4
Dodging        | 3 4 |  4.1
Short Blades   | 1 3 |  3.6
Hexes          | 2 |  2.6
Ice Magic      | 1 |  1.5
Polearms       | 1 |  1.7

Action                   |  1- 3 |  4- 6 |  7- 9 || total
-------------------------+-------+-------+-------++-------
Melee: Unarmed           |    32 |    25 |       ||    57
       Constrict         |    13 |    10 |    23 ||    46
       Tentacles         |     8 |     7 |    24 ||    39
       War axe           |       |    17 |     7 ||    24
       Rapier            |       |     9 |    77 ||    86
       Trident           |       |       |    38 ||    38
       Punch             |       |       |     2 ||     2
 Cast: Magic Dart        |    45 |    49 |    15 ||   109
       Searing Ray       |     3 |     8 |    15 ||    26
       Dazzling Spray    |       |     1 |     4 ||     5
       Ensorcelled Hiber |       |       |     9 ||     9
       Confuse           |       |       |     9 ||     9
  Use: Scroll            |       |       |     7 ||     7
       Potion            |       |       |     1 ||     1
 Stab: Sleeping          |     2 |     2 |    14 ||    18
       Invisible         |       |       |     3 ||     3
  Eat: Chunk             |     3 |     7 |    13 ||    23
Armor: Skin              |     7 |     6 |    17 ||    30
Dodge: Dodged            |    72 |    52 |   136 ||   260
